 Dungeon Crawl Stone Soup version 0.30-a0-123-g91d0c66ccf (webtiles) character file.

Game seed: 2461642367663599108

313 Zonian the Chiller (level 6, -12/41 HPs)
             Began as a Demonspawn Ice Elementalist on Sept 17, 2022.
             Was an Initiate of Okawaru.
             Mangled by Pikel
             ... wielding a +2 whip of electrocution
              (17 damage)
             ... on level 3 of the Dungeon.
             The game lasted 00:06:49 (6554 turns).

Zonian the Chiller (Demonspawn Ice Elementalist)    Turns: 6554, Time: 00:06:50

Health: -12/41     AC:  3    Str:  8    XL:     6   Next: 19%
Magic:  10/10      EV: 13    Int: 19    God:    Okawaru [......]
Gold:   206        SH:  0    Dex: 13    Spells: 4/11 levels left

rFire   . . .      SeeInvis .    p - +2 dagger (venom)
rCold   . . .      Faith    .    (no shield)
rNeg    . . .      Spirit   .    a - +0 robe
rPois   .          Reflect  .    (no helmet)
rElec   .          Harm     .    (no cloak)
rCorr   .          Rampage  .    s - +0 pair of gloves
Will    .....                    (no boots)
Stlth   ++........               (no amulet)
HPRegen 0.13/turn                (no ring)
MPRegen 0.12/turn                (no ring)

@: no status effects
A: foul stench 1, spiny 1, demonic touch 1
a: Renounce Religion


You were on level 3 of the Dungeon.
You worshipped Okawaru.
Okawaru was noncommittal.
You visited 1 branch of the dungeon, and saw 4 of its levels.

You collected 206 gold pieces.

Inventory:

Hand Weapons
 e - a +0 short sword
 p - a +2 dagger of venom (weapon)
 r - a +0 long sword
Missiles
 i - 4 poisoned darts
 k - 2 datura-tipped darts
 o - 5 boomerangs
Armour
 a - a +0 robe (worn)
 s - a +0 pair of gloves (worn)
Scrolls
 d - 4 scrolls of enchant weapon
 j - a scroll of magic mapping
 m - a scroll of teleportation
 q - a scroll of fear {unknown}
 t - a scroll of immolation {unknown}
 v - a scroll of identify {unknown}
Potions
 b - a potion of magic
 c - 2 potions of heal wounds {unknown}
 f - 4 potions of degeneration {unknown}
 g - a potion of invisibility {unknown}
 h - 2 potions of curing {unknown}
 l - a potion of lignification {unknown}
 u - a potion of might {unknown}


   Skills:
 + Level 3.2 Dodging
 + Level 3.4 Stealth
 + Level 3.2 Spellcasting
 + Level 4.6 Ice Magic
 + Level 1.8 Invocations


You had 4 spell levels left.
You knew the following spells:

 Your Spells              Type           Power      Damage    Failure   Level
a - Freeze                Ice            80%        1d9       2%          1
b - Frozen Ramparts       Ice            40%        1d7       7%          3
c - Ozocubu's Armour      Ice            20%        N/A       7%          3

Your spell library contained the following spells:

 Spells                   Type           Power      Damage    Failure   Level
 Beastly Appendage        Tmut           6%         N/A       16%         1
 Wereblood                Tmut           3%         N/A       22%         2
 Spider Form              Tmut/Pois      3%         N/A       41%         3
 Hailstorm                Conj/Ice       11%        3d5       50%         4


Dungeon Overview and Level Annotations

Branches:
Dungeon (4/15)
 Temple: D:4-7

Altars:
Okawaru
Uskayaw

Shops:
D:4 *

Annotations:
D:3 Pikel


Innate Abilities, Weirdness & Mutations

You may rarely emit foul miasma when damaged in melee.
You are partially covered in sharp spines.
Your touch may inflict minor irresistible damage on your foes.


Message History

You can access your shopping list by pressing '$'.
Unknown command.
There is a fountain of clear blue water here.
There is a dry fountain here.
There is an abandoned shop here.
You see here a -2 dagger of freezing.
A lemure is nearby!
Unknown command.
This shop appears to be closed.
Unknown command.
Pikel, Merchant of Souls comes into view.
He is wielding a +2 whip of electrocution.
There is a dry fountain here.
Found a war axe.
There is a stone staircase leading up here.
Unknown command.
Pikel scowls and wipes his hands on his robe.
Pikel hits you with a +2 whip of electrocution.
You climb upwards.
There is a stone staircase leading down here.
Unknown command.
You hit Pikel but do no damage. Pikel closely misses you.
You closely miss Pikel. Your touch misses Pikel.
Pikel hits you with a +2 whip of electrocution.
You barely miss Pikel.
Pikel hits you with a +2 whip of electrocution!
You barely miss Pikel.
You touch Pikel!
Pikel is moderately wounded.
Pikel is struck by your spines. Pikel barely misses you.
You closely miss Pikel.
Pikel is moderately wounded.
Pikel hits you with a +2 whip of electrocution!
You hit Pikel but do no damage.
Pikel is poisoned.
Pikel is moderately wounded.
Pikel barely misses you.
You closely miss Pikel.
Pikel is moderately wounded.
Pikel hits you with a +2 whip of electrocution!
* * * LOW HITPOINT WARNING * * *
You are electrocuted!
You die...

#....†....#####.##.#####.#
#.######..............##.#
#.### ##.#####.#..##.##.#
#...# #.#####.#........#
###.# #.......#..#.#...#
#.# ##########.._...## #.#
######### #.#.#..# #.#
#.....K.# #......# #.#
#.....@.# #...##.# ##.#
#.......# #......# #..#
#.......# ###)#### #.##
#.......# #)### #.#
#.[.....# ##)).## #.#
#.......# #..#..#
#.#####..####.## #.###)#
#.#............# #..#..#
##.#.####..####.# ##...##


You could see Pikel (very poisoned).

Vanquished Creatures
  A black bear (D:4)
  2 lemures (D:4)
  An orc priest (D:3)
  An iguana (D:4)
  An orc wizard (D:3)
  3 gnolls (D:4)
  3 adders
  A worm (D:2)
  A dart slug (D:1)
  8 orcs (D:3)
  7 ball pythons
  9 endoplasms
  2 giant cockroaches (D:1)
  5 goblins
  7 hobgoblins
  2 jackals (D:1)
  7 kobolds
  5 quokkas
  4 bats
  3 frilled lizards
  4 rats
77 creatures vanquished.

Notes
Turn   | Place    | Note
-------+----------+-------------------------------------------
     0 | D:1      | Zonian the Demonspawn Ice Elementalist began the quest for
                  | the Orb.
     0 | D:1      | Reached XP level 1. HP: 13/13 MP: 3/3
   455 | D:1      | Gained mutation: You may rarely emit foul miasma when
                  | damaged in melee. [demonic ancestry]
   455 | D:1      | Reached XP level 2. HP: 3/19 MP: 0/5
  1671 | D:1      | Found a faded altar of an unknown god.
  2089 | D:1      | Reached XP level 3. HP: 23/24 MP: 3/6
  3079 | D:2      | Reached skill level 4 in Ice Magic
  4038 | D:3      | Found a hide-covered altar of Uskayaw.
  4190 | D:3      | Gained mutation: Your touch may inflict minor irresistible
                  | damage on your foes. [demonic ancestry]
  4190 | D:3      | Reached XP level 4. HP: 30/30 MP: 7/7
  4987 | D:3      | Found an iron altar of Okawaru.
  5009 | D:3      | Gained mutation: You are partially covered in sharp spines.
                  | [demonic ancestry]
  5009 | D:3      | Reached XP level 5. HP: 28/35 MP: 9/9
  5035 | D:3      | Became a worshipper of Warmaster Okawaru
  5911 | D:4      | Noticed a lemure
  5911 | D:4      | Noticed a lemure
  5911 | D:4      | Noticed a lemure
  5937 | D:4      | Killed a lemure
  5943 | D:4      | Killed a lemure
  6219 | D:4      | Learned a level 3 spell: Frozen Ramparts
  6223 | D:4      | Learned a level 3 spell: Ozocubu's Armour
  6273 | D:4      | Noticed a black bear
  6279 | D:4      | Reached skill level 1 in Invocations
  6285 | D:4      | Killed a black bear
  6286 | D:4      | Reached XP level 6. HP: 24/41 MP: 3/10
  6521 | D:4      | Found Buineg's Fire Supplies.
  6537 | D:4      | Noticed Pikel
  6554 | D:3      | Mangled by Pikel

Illustrated notes

Levels and vault maps discovered:
D:1:      minmay_arrival_jagged, layout_basic, ebering_ecumenical_altar_ruins
D:2:      wander_river, layout_loops_cross
D:3:      layout_loops_cross, lemuel_crystal_altar, okawaru_metal_pillars_1_2
D:4:      layout_rooms, trog_butcher_becter, serial_park_tiny_pond,
          nicolae_shop_fire_sale [nicolae_sub_dead_trees],
          hangedman_decor_opposing, uniq_pikel, uniq_menkaure

Skill      XL: |  1  2  3  4  5 |
---------------+----------------+-----
Stealth        | 2 3 |  3.4
Dodging        | 2 3 |  3.2
Ice Magic      | 4 |  4.6
Spellcasting   | 3 |  3.2
Invocations    | 1 |  1.8

Action                   |  1- 3 |  4- 6 || total
-------------------------+-------+-------++-------
Melee: Unarmed           |    17 |       ||    17
       Short sword       |    61 |       ||    61
       Punch             |     1 |       ||     1
       Dagger            |    11 |    54 ||    65
       Touch             |       |    13 ||    13
Throw: Dart              |       |     1 ||     1
 Cast: Freeze            |    43 |    18 ||    61
  Use: Scroll            |       |     4 ||     4
 Stab: Sleeping          |     4 |     3 ||     7
Armor: Robe              |    14 |     3 ||    17
Dodge: Dodged            |    66 |    27 ||    93

Table legend: (Time is in decaauts)
 A = Elapsed time spent in this place.
 B = Non-inter-level travel time spent in this place.
 C = Inter-level travel time spent in this place.
 D = Time resting spent in this place.
 E = Time spent auto-exploring this place.
 F = Levels seen in this place.
 G = Mean time per level.
                   A        B        C        D        E       F      G
               +--------+--------+--------+--------+--------+-----+--------+
         Total |   6583 |   6493 |     90 |   3198 |   2497 |   4 | 1645.8 |
       Dungeon |   6583 |   6493 |     90 |   3198 |   2497 |   4 | 1645.8 |
               +--------+--------+--------+--------+--------+-----+--------+

Top non-repeatable levels by time:
     D:1: 2496 daAuts
     D:2: 2021 daAuts
     D:4: 1080 daAuts
     D:3: 985 daAuts
